 Dungeon Crawl Stone Soup version 0.20-a0-949-g916514f (webtiles) character file.

678 AlphabetPasta the Charmwright (level 7, -3/57 HPs)
             Began as a Ghoul Skald on Apr 3, 2017.
             Was an Initiate of Kikubaaqudgha.
             Slain by an orc
             ... wielding a +0 mace
              (4 damage)
             ... on level 4 of the Dungeon.
             The game lasted 00:28:05 (4917 turns).

AlphabetPasta the Charmwright (Ghoul Skald)         Turns: 4917, Time: 00:28:06

Health: -3/57      AC:  7    Str: 15    XL:     7   Next: 60%
Magic:  10/10      EV: 11    Int: 10    God:    Kikubaaqudgha [......]
Gold:   284        SH:  0    Dex:  8    Spells: 5/11 levels left

rFire    . . .     SeeInvis +   t - +0 war axe
rCold    + . .     Gourm    .   (no shield)
rNeg     + + +     Faith    .   m - +0 ring mail
rPois    ∞         Spirit   .   e - +0 helmet
rElec    +         Reflect  .   q - +0 cloak "Hupudoce" {rElec rF- rN+} (curse)
rCorr    .         Harm     .   (no gloves)
MR       .....                  (no boots)
Stlth    ..........             (no amulet)
Regen    0.0/turn               g - ring of protection from fire
MPRegen  0.2/turn               j - ring of see invisible

@: rotting
A: rotting body, claws 1, carnivore 3, cold resistance 1, negative energy
resistance 3, inhibited regeneration, torment resistance, unbreathing
a: Renounce Religion


You were on level 4 of the Dungeon.
You worshipped Kikubaaqudgha.
Kikubaaqudgha was noncommittal.
You were not hungry.

You visited 2 branches of the dungeon, and saw 6 of its levels.

You collected 306 gold pieces.
You spent 22 gold pieces at shops.

Inventory:

Hand Weapons
 a - a +0 hand axe
 t - a +0 war axe (weapon)
Missiles
 f - 2 tomahawks (quivered)
 p - 61 bolts
 r - 2 tomahawks of returning
Armour
 b - a +0 leather armour
 e - a +0 helmet (worn)
 m - a +0 ring mail (worn)
 o - a +0 cloak
 q - the cursed +0 cloak "Hupudoce" (worn) {rElec rF- rN+}
   (You found it on level 4 of the Dungeon)

   It makes you vulnerable to fire.
   It insulates you from electricity.
   It protects you from negative energy.
   It has a curse placed upon it.
 s - a +0 scale mail
Jewellery
 g - a ring of protection from fire (left claw)
 j - a ring of see invisible (right claw)
Wands
 i - a wand of lightning (1/15)
Scrolls
 h - a scroll of identify
 k - a scroll of noise {unknown}
 n - a scroll of remove curse
 u - a scroll of amnesia {unknown}
Potions
 l - 2 potions of resistance
Books
 c - a book of Battle

   Spells                             Type                      Level
   a - Infusion                       Charms                       1
   b - Shroud of Golubria             Charms/Translocation         2
   c - Song of Slaying                Charms                       2
   d - Spectral Weapon                Hexes/Charms                 3
   e - Regeneration                   Charms/Necromancy            3
Comestibles
 d - 2 meat rations


   Skills:
 + Level 3.4 Fighting
 * Level 3.6 Axes
 + Level 2.0 Armour
 + Level 3.0 Dodging
 + Level 2.7 Spellcasting
 * Level 4.4 Charms
 * Level 3.0 Necromancy
 + Level 0.1 Evocations


You had 5 spell levels left.
You knew the following spells:

 Your Spells              Type           Power        Failure   Level  Hunger
a - Infusion              Chrm           ##..         12%         1    ##.....
b - Regeneration          Chrm/Necr      #.........   41%         3    ####...
c - Song of Slaying       Chrm           ##......     14%         2    ###....


Dungeon Overview and Level Annotations

Branches:
Dungeon (5/15)             Temple (1/1) D:4

Altars:
Ashenzari
Elyvilon
Fedhas
Gozag
Hepliaklqana
Kikubaaqudgha
Makhleb
Okawaru
Qazlal
Ru
Sif Muna
Trog
Uskayaw
Vehumet
Wu Jian
Xom
Yredelemnul
Zin
The Shining One

Shops:
D:5 (%*

Annotations:
D:3 Wdx2's ghost, amateur DrCK
D:5 Guenter's ghost, novice VSWn


Innate Abilities, Weirdness & Mutations

Your body is rotting away.
You thrive on raw meat.
You are immune to poison.
You have sharp fingernails.
You are carnivorous and can eat meat at any time.
Your flesh is cold resistant. (rC+)
You are immune to negative energy. (rN+++)
You do not regenerate when monsters are visible.
You are immune to unholy pain and torment.
You can survive without breathing.


Message History

The orc hits you with a mace.
* * * LOW HITPOINT WARNING * * *
You barely miss the orc.
The orc is almost dead.
The orc hits you but does no damage.
You hit the orc but do no damage.
The orc is almost dead.
The orc closely misses you.
You closely miss the orc.
The orc is almost dead.
The orc hits you with a mace.
* * * LOW HITPOINT WARNING * * *
You closely miss the orc.
The orc is almost dead.
The orc closely misses you.
You closely miss the orc.
The orc is almost dead.
The orc hits you with a mace.
You die...
Kikubaaqudgha rasps: "You have failed me!
Welcome... oblivion!"

#.####.# #.(.....###.####.##
#.# ##'## ##......###........
#.# #...# ###....#......[...
#.# #...# #.#.##.#####....
#.###...# #.#.##.# #....
#.......######.#....#####....
####....'..).#.###...........
#....####o#.# #...........
#....# #@).# #...........
#....# ##### #...........
#.#### #. #........... #.#
#.###.......#... #.#
#...........#... #.#
#).........#...
#.##########.##...........
#.....O...##'##...........
#.........................


You could see an orc.

Vanquished Creatures
  A sky beast (D:5)
  A centaur (D:5)
  A hound (D:5)
  An orc priest (D:4)
  A centaur skeleton (D:5)
  4 orc wizards
  A worker ant (D:4)
  2 hound zombies (D:5)
  A worker ant zombie (D:5)
  2 adders
  7 gnolls (D:4)
  A shadow imp (D:5)
  2 adder zombies
  2 oozes
  2 dart slugs
  6 worms
  A leopard gecko (D:2)
  15 orcs
  9 bats
  5 giant cockroaches
  11 goblins
  11 hobgoblins
  3 quokkas
  6 frilled lizards
  5 kobolds
  2 leopard gecko skeletons
  11 rats
114 creatures vanquished.

Notes
Turn   | Place    | Note
-------+----------+-------------------------------------------
     0 | D:1      | AlphabetPasta the Ghoul Skald began the quest for the Orb.
     0 | D:1      | Reached XP level 1. HP: 17/17 MP: 2/2
   270 | D:1      | Reached XP level 2. HP: 13/25 MP: 3/3
   343 | D:1      | Reached skill level 1 in Armour
   920 | D:1      | Reached skill level 3 in Charms
  1156 | D:2      | Reached XP level 3. HP: 27/30 MP: 4/4
  1167 | D:2      | Learned a level 3 spell: Regeneration
  1593 | D:2      | HP: 1/30 [hobgoblin (5)]
  1805 | D:2      | Reached XP level 4. HP: 35/37 MP: 3/6
  1815 | D:2      | Learned a level 2 spell: Song of Slaying
  1844 | D:2      | Found a white marble altar of Elyvilon.
  2095 | D:3      | Noticed Wdx2's ghost (amateur DrCK)
  2455 | D:3      | Found a stormy altar of Qazlal.
  2973 | D:4      | Noticed an ogre
  3137 | D:4      | Reached skill level 1 in Necromancy
  3137 | D:4      | Reached XP level 5. HP: 40/44 MP: 0/7
  3184 | D:4      | Found an iron altar of Okawaru.
  3255 | D:4      | Got a smoking cloak
  3266 | D:4      | Identified the cursed +0 cloak "Hupudoce" {rElec rF- rN+} (You found it on level 4 of the Dungeon)
  3565 | D:4      | Noticed an ogre
  3651 | D:3      | Reached XP level 6. HP: 33/50 MP: 8/8
  3854 | D:4      | Found a staircase to the Ecumenical Temple.
  3863 | Temple   | Entered the Ecumenical Temple
  3958 | Temple   | Became a worshipper of Kikubaaqudgha
  4221 | D:4      | Reached skill level 4 in Charms
  4267 | D:5      | Entered Level 5 of the Dungeon
  4272 | D:5      | Found Sitint's General Store.
  4275 | D:5      | Bought a scroll of identify for 22 gold pieces
  4400 | D:5      | Noticed a sky beast
  4423 | D:5      | Killed a sky beast
  4423 | D:5      | Reached XP level 7. HP: 43/57 MP: 9/9
  4559 | D:5      | Found Ifeh Bapluig's Food Boutique.
  4626 | D:5      | Found Saanoare's Weapon Shop.
  4883 | D:5      | Noticed Guenter's ghost (novice VSWn)
  4915 | D:4      | HP: 1/57 [orc/mace (3)]
  4917 | D:4      | Slain by an orc

Vault maps used:
D:1:      doesnt_arrival_goblin_jail
D:2:      cheibrodos_greedy_goblins, nicolae_overflow_hidden_temple,
          minmay_hexomino_p4
D:3:      nicolae_qazlal_general_emergency
D:4:      old_standard_altar, temple_hall, first_bread,
          minmay_misc_feat_diagonals
D:5:      serial_shops, nicolae_shop_behind_doors, shop, nicolae_shop_stone
Temple:   minmay_temple_bridge_d

Skill      XL: |  1  2  3  4  5  6  7 |
---------------+----------------------+-----
Axes           | 2 3 |  3.6
Armour         | 1 2 |  2.0
Charms         | 3 4 |  4.4
Dodging        | 2 3 |  3.0
Spellcasting   | 2 |  2.7
Necromancy     | 1 2 3 |  3.0
Fighting       | 3 |  3.4
Evocations     | |  0.1

Action                   |  1- 3 |  4- 6 |  7- 9 || total
-------------------------+-------+-------+-------++-------
Melee: Hand axe          |   162 |   251 |       ||   413
       War axe           |       |    57 |    59 ||   116
Throw: Tomahawk          |       |       |     6 ||     6
 Cast: Infusion          |     7 |    16 |     2 ||    25
Evoke: Wand              |       |       |     5 ||     5
  Use: Scroll            |     1 |     6 |       ||     7
       Potion            |     1 |    11 |       ||    12
  Eat: Chunk             |    36 |    52 |     8 ||    96
Armor: Leather armour    |    49 |     6 |       ||    55
       Ring mail         |       |   147 |    36 ||   183
Dodge: Dodged            |    86 |   219 |    57 ||   362
